 Dungeon Sprint DCSS version 0.28-a0-863-g8cecda6153 (webtiles) character file.

Game seed: 9834303023503845494

969 kae the Thaumaturge (level 7, 0/81 HPs)
             Began as a Purple Draconian Transmuter on Nov 18, 2021.
             Was an Initiate of Ru.
             Slain by a kobold demonologist (4 damage)
             ... in the Dungeon (Sprint I: "Red Sonja").
             The game lasted 00:00:57 (767 turns).

kae the Thaumaturge (Purple Draconian Transmuter)    Turns: 767, Time: 00:00:58

Health: 0/81       AC: -8    Str: 12    XL:     7   Next: 94%
Magic:  18/18      EV: 12    Int: 15    God:    Ru [......]
Gold:   382        SH:  0    Dex: 12    Spells: 14/22 levels left

rFire   x . .      SeeInvis .     - Unarmed
rCold   + + +      Faith    .   (shield currently unavailable)
rNeg    . . .      Spirit   .   (armour unavailable)
rPois   +          Reflect  .   (helmet currently unavailable)
rElec   .          Harm     .   (cloak currently unavailable)
rCorr   .          Rampage  .   (gloves currently unavailable)
Will    +....      NoTele   +   (boots currently unavailable)
Stlth   +.........              (no amulet)
HPRegen 0.23/turn               (no ring)
MPRegen 0.16/turn               (no ring)

@: ice-form, corroded
A: freezing attack, amphibious, boosted hp, (breathe power), AC +6, large,
unfitting armour, (cold-blooded)
a: End Transformation, Renounce Religion


You were in the Dungeon.
You worshipped Ru.
Ru was noncommittal.
You were a creature of crystalline ice.
You visited 1 branch You collected 424 gold pieces.
You spent 42 gold pieces at shops.

Inventory:

Wands
 g - a wand of digging (5)
Scrolls
 e - a scroll of fear
 f - a scroll of blinking
Potions
 a - a potion of curing
 b - a potion of heal wounds
 c - a potion of haste
 d - 2 potions of magic


   Skills:
 + Level 8.1 Fighting
 + Level 6.7 Dodging
 + Level 8.2 Unarmed Combat
 + Level 8.4 Spellcasting
 + Level 7.4 Transmutations
 + Level 5.6 Ice Magic
 - Level 1.0 Poison Magic


You had 14 spell levels left.
You knew the following spells:

 Your Spells              Type           Power      Damage    Failure   Level
a - Beastly Appendage     Tmut           56%        N/A       1%          1
b - Spider Form           Tmut/Pois      18%        N/A       6%          3
c - Ice Form              Ice/Tmut       25%        N/A       8%          4

Your spell library contained the following spells:

 Spells                   Type           Power      Damage    Failure   Level
 Wereblood                Tmut           28%        N/A       1%          2


Dungeon Overview and Level Annotations

Branches:
Dungeon (1/1)

Altars:
Cheibriados
Dithmenos
Elyvilon
Fedhas
Gozag
Hepliaklqana
Kikubaaqudgha
Makhleb
Nemelex Xobeh
Okawaru
Qazlal
Ru
Sif Muna
Trog
Uskayaw
Vehumet
Wu Jian
Xom
Yredelemnul
Zin
The Shining One
Jiyva
Lugonu

Shops:
D ?


Innate Abilities, Weirdness & Mutations

You are a creature of crystalline ice.
You have a powerful freezing melee attack.
You are amphibious.
Your maximum health is increased.
Your armour is entirely melded.
You are incapable of wielding weapons or throwing items.
((You can breathe bolts of dispelling energy.))
((Your rich purple scales are hard. (AC +6)))
You cannot fit into any form of body armour.
((You are cold-blooded and may be slowed by cold attacks.))


Message History

The shadow imp disappears in a puff of smoke!
The ufetubus disappears in a puff of smoke!
The kobold demonologist hits you with a +0 dagger.
Your Fighting skill increases to level 8!
Your Unarmed Combat skill increases to level 8!
Your Spellcasting skill increases to level 8!
You hit the soul eater.
The soul eater is lightly wounded.
The soul eater hits you!
* * * LOW HITPOINT WARNING * * *
Unknown command.
You punch the kobold demonologist! You freeze the kobold demonologist.
The kobold demonologist is moderately wounded.
The kobold demonologist hits you with a +0 dagger.
* * * LOW HITPOINT WARNING * * *
You hit the kobold demonologist but do no damage.
The kobold demonologist is moderately wounded.
The kobold demonologist hits you with a +0 dagger.
* * * LOW HITPOINT WARNING * * *
You punch the kobold demonologist! You freeze the kobold demonologist.
The kobold demonologist is severely wounded.
The kobold demonologist closely misses you.
You hit the kobold demonologist but do no damage.
The kobold demonologist is severely wounded.
The kobold demonologist hits you with a +0 dagger.
* * * LOW HITPOINT WARNING * * *
You completely miss the kobold demonologist.
The kobold demonologist is severely wounded.
The kobold demonologist hits you with a +0 dagger.
* * * LOW HITPOINT WARNING * * *
You completely miss the kobold demonologist.
The kobold demonologist is severely wounded.
The kobold demonologist hits you with a +0 dagger.
* * * LOW HITPOINT WARNING * * *
You punch the kobold demonologist! You freeze the kobold demonologist.
The kobold demonologist is almost dead.
The soul eater draws from the surrounding life force!
* * * LOW HITPOINT WARNING * * *
The kobold demonologist hits you with a +0 dagger.
You die...

######################
..').#..'..#__#..K3..#
).#..').#..'..'.Y#)§.#
####'#####'#__####5..+
###..#...#.#### ####
__####..##)#
_____##'#_.+
_.∩...'..._#
_..__##_.#'#
_____###+#.# ######
###


You could see a soul eater (summoned) and a kobold demonologist.

Vanquished Creatures
  A kobold demonologist (D)
  A slime creature (D)
  Sigmund (D)
  A yak (D)
  A floating eye (D)
  An ogre (D)
  A jelly (D)
  Ijyb (D)
8 creatures vanquished.

Notes
Turn   | Place    | Note
-------+----------+-------------------------------------------
     0 | D        | kae the Draconian Transmuter began the quest for the Orb.
     0 | D        | Reached XP level 1. HP: 16/16 MP: 3/3
     4 | D        | Noticed Ijyb
    20 | D        | Killed Ijyb
    21 | D        | Reached XP level 2. HP: 14/25 MP: 4/6
   162 | D        | Noticed an ogre
   164 | D        | Killed an ogre
   165 | D        | Reached skill level 5 in Unarmed Combat
   165 | D        | Reached XP level 3. HP: 34/34 MP: 5/8
   165 | D        | Reached XP level 4. HP: 41/41 MP: 6/10
   182 | D        | Learned a level 3 spell: Spider Form
   187 | D        | Learned a level 4 spell: Ice Form
   190 | D        | Noticed Sigmund
   198 | D        | Killed Sigmund
   199 | D        | Reached skill level 5 in Fighting
   199 | D        | Reached skill level 5 in Dodging
   199 | D        | Reached skill level 5 in Spellcasting
   199 | D        | Reached skill level 5 in Transmutations
   199 | D        | Reached skill level 1 in Poison Magic
   199 | D        | Reached XP level 5. HP: 48/50 MP: 5/12
   199 | D        | Reached XP level 6. HP: 54/57 MP: 5/13
   282 | D        | Found a burning altar of Makhleb.
   282 | D        | Found a viscous altar of Jiyva.
   282 | D        | Found a shimmering altar of Xom.
   282 | D        | Found a corrupted altar of Lugonu.
   282 | D        | Noticed a slime creature
   341 | D        | Killed a slime creature
   425 | D        | Found an ornate altar of the Wu Jian Council.
   425 | D        | Found a shimmering blue altar of Sif Muna.
   429 | D        | Found a radiant altar of Vehumet.
   628 | D        | Found Vuwkymp's Magic Scroll Emporium.
   628 | D        | Found an ancient bone altar of Kikubaaqudgha.
   628 | D        | Found a hazy altar of Hepliaklqana.
   628 | D        | Found a hide-covered altar of Uskayaw.
   628 | D        | Found a basalt altar of Yredelemnul.
   628 | D        | Found an opulent altar of Gozag.
   628 | D        | Found a snail-covered altar of Cheibriados.
   628 | D        | Found a sacrificial altar of Ru.
   628 | D        | Found a shadowy altar of Dithmenos.
   628 | D        | Noticed a yak
   637 | D        | Killed a yak
   638 | D        | Your scales start taking on a rich purple colour.
   638 | D        | Reached XP level 7. HP: 60/66 MP: 8/18
   638 | D        | Found a stormy altar of Qazlal.
   638 | D        | Found a blossoming altar of Fedhas.
   638 | D        | Found a bloodstained altar of Trog.
   638 | D        | Found an iron altar of Okawaru.
   638 | D        | Found a glowing golden altar of the Shining One.
   638 | D        | Found a glowing silver altar of Zin.
   638 | D        | Found a white marble altar of Elyvilon.
   639 | D        | Found a sparkling altar of Nemelex Xobeh.
   665 | D        | Bought a scroll of fear for 42 gold pieces
   667 | D        | Became a worshipper of Ru the Awakened
   747 | D        | Noticed a kobold demonologist
   748 | D        | Noticed a kobold demonologist
   752 | D        | Noticed a soul eater
   753 | D        | Noticed a rust devil
   753 | D        | Paralysed by a floating eye for 2 turns
   758 | D        | Reached skill level 5 in Ice Magic
   758 | D        | Killed a kobold demonologist
   767 | D        | HP: 4/81 [soul eater/drain life[a kobold demonologist] (4)]
   767 | D        | Slain by a kobold demonologist

Illustrated notes

Levels and vault maps discovered:
D:        dungeon_sprint_1 [red_sonja_temple_1, red_sonja_temple_small_1]

Skill      XL: |  1  2  3  4  5  6  7 |
---------------+----------------------+-----
Fighting       | 2 4 5 7 8 |  8.1
Dodging        | 2 4 5 6 |  6.7
Spellcasting   | 3 4 5 7 8 |  8.4
Transmutations | 3 4 5 6 7 |  7.4
Unarmed Combat | 5 6 7 8 |  8.2
Ice Magic      | 2 4 5 |  5.6
Poison Magic   | 1 |  1.0

Action                   |  1- 3 |  4- 6 |  7- 9 || total
-------------------------+-------+-------+-------++-------
Melee: Unarmed           |    18 |    24 |    16 ||    58
       Kick              |     4 |       |       ||     4
       Headbutt          |     4 |       |       ||     4
       Tailslap          |     2 |       |       ||     2
 Cast: Beastly Appendage |     2 |       |       ||     2
       Spider Form       |       |     3 |       ||     3
       Ice Form          |       |     2 |     1 ||     3
  Use: Potion            |     1 |       |       ||     1
Armor: Skin              |     4 |     4 |     2 ||    10
Dodge: Dodged            |     5 |    11 |     3 ||    19

Table legend: (Time is in decaauts)
 A = Elapsed time spent in this place.
 B = Non-inter-level travel time spent in this place.
 C = Inter-level travel time spent in this place.
 D = Time resting spent in this place.
 E = Time spent auto-exploring this place.
 F = Levels seen in this place.
 G = Mean time per level.
                   A        B        C        D        E       F      G
               +--------+--------+--------+--------+--------+-----+--------+
         Total |    768 |    768 |      0 |    576 |      0 |   1 |  768.0 |
       Dungeon |    768 |    768 |      0 |    576 |      0 |   1 |  768.0 |
               +--------+--------+--------+--------+--------+-----+--------+

Top non-repeatable levels by time:
       D: 768 daAuts
